 Dungeon Crawl Stone Soup version 0.29.0-4-gdea44cf6ec (webtiles) character file.

Game seed: 11754460751982450734

31224 qw the Severer (level 13, -5/126 HPs)
             Began as a Minotaur Berserker on Sept 4, 2022.
             Was an Elder of Trog.
             Slain by a seven-headed hydra (8 damage)
             ... on level 4 of the Lair of Beasts.
             The game lasted 00:05:12 (16461 turns).

qw the Severer (Minotaur Berserker)                Turns: 16461, Time: 00:05:13

Health: -5/126     AC: 29    Str: 30    XL:     13   Next: 24%
Magic:  12/12      EV:  9    Int:  4    God:    Trog [****..]
Gold:   844        SH:  5    Dex:  8    Spells: 12/12 levels left

rFire   . . .      SeeInvis +   y - -2 demon whip (venom)
rCold   . . .      Faith    .   (no shield)
rNeg    . . .      Spirit   .   x - +1 plate armour
rPois   +          Reflect  +   u - +2 hat
rElec   +          Harm     .   a - +1 cloak of Beogh's Scorn {rElec Str+3 SInv}
rCorr   +          Rampage  .   (no gloves)
Will    +++..                   g - +2 pair of boots
Stlth   ..........              k - amulet of reflection
HPRegen 0.31/turn               d - +4 ring of protection
MPRegen 0.13/turn               s - ring of Jatounuff {Fly rPois Will+++ rCorr Dex-2}

@: about to teleport, on berserk cooldown, flying, slowed, very slow
A: horns 2, retaliatory headbutt, see invisible
a: Renounce Religion, Berserk, Trog's Hand, Brothers in Arms


You were on level 4 of the Lair of Beasts.
You worshipped Trog.
Trog was greatly pleased with you.
You visited 2 branches of the dungeon, and saw 12 of its levels.
You also visited: Gauntlet.

You collected 844 gold pieces.


Innate Abilities, Weirdness & Mutations

You have a pair of horns on your head.
You reflexively headbutt those who attack you in melee.
You have supernaturally acute eyesight. (SInv)


   Skills:
 + Level 15.1 Fighting
 - Level 16.1 Axes
 - Level 7.0 Throwing
 - Level 13.2 Armour
 - Level 5.2 Dodging


You had 12 spell levels left.
You didn't know any spells.
Your spell library was empty.

Inventory:

Hand Weapons
 y - a -2 demon whip of venom (weapon)
 Y - a +0 war axe
Missiles
 j - 2 boomerangs
 w - a javelin (quivered)
Armour
 a - the +1 cloak of Beogh's Scorn (worn) {rElec Str+3 SInv}
   (You found it in a Gauntlet)

   Str:       It affects your strength (+3).
   rElec:     It insulates you from electricity.
   SInv:      It lets you see invisible.
 g - a +2 pair of boots (worn)
 u - a +2 hat (worn)
 x - a +1 plate armour (worn)
Jewellery
 c - a +4 ring of evasion
 d - a +4 ring of protection (left hand)
 f - a ring of fire
 k - an amulet of reflection (around neck)
 s - the ring of Jatounuff (right hand) {Fly rPois Will+++ rCorr Dex-2}
   (You found it on level 5 of the Dungeon)

   [ring of poison resistance]

   Dex:       It affects your dexterity (-2).
   rPois:     It protects you from poison.
   Fly:       It grants you flight.
   rCorr:     It protects you from acid and corrosion.
   Will:      It greatly increases your willpower.
 t - a ring of protection from fire
Scrolls
 m - a scroll of teleportation
 q - a scroll of identify
Potions
 b - a potion of might
 e - a potion of haste
 h - 3 potions of curing
 i - 7 potions of mutation
 o - a potion of resistance
 p - a potion of brilliance {unknown}
 r - a potion of cancellation {unknown}
 v - a potion of degeneration {unknown}

Dungeon Overview and Level Annotations

Branches:
Dungeon (8/15)             Temple (0/1) D:4            Lair (4/5) D:8
  Swamp (0/4) Lair:2        Snake (0/4) Lair:2        Slime (0/5) Lair:4
Gauntlet (visited)

Altars:
Okawaru
Qazlal
Ru
Trog
Uskayaw
The Shining One
Lugonu

Shops:
D:2 (

Portals:
Abyss: D:3

Annotations:
Lair:1 3 runed translucent doors, qw's ghost, journeyman TrCA


Message History

The seven-headed hydra bites your ogre.
The seven-headed hydra bites your ogre! x4
Your ogre dies!
Your ogre's corpse disappears in a puff of smoke!
A rime drake comes into view.
16458 ||| INVOKING Brothers in Arms.
You fail to use your ability.
The seven-headed hydra completely misses you.
You furiously retaliate!
You headbutt the seven-headed hydra.
The seven-headed hydra bites you but does no damage.
The seven-headed hydra bites you!
The seven-headed hydra bites you but does no damage. x2
You block the seven-headed hydra's attack.
The seven-headed hydra bites you but does no damage.
16459 ||| READING 2 scrolls of teleportation.
As you read the scroll of teleportation, it crumbles to dust.
You feel strangely unstable.
A meliai comes into view. It is wielding a +0 hand axe.
The seven-headed hydra bites you but does no damage.
The seven-headed hydra closely misses you.
The seven-headed hydra bites you but does no damage.
The seven-headed hydra bites you! The seven-headed hydra misses you. x2
The seven-headed hydra closely misses you.
You block the seven-headed hydra's attack.
The seven-headed hydra bites you but does no damage.
The seven-headed hydra bites you.
You block the seven-headed hydra's attack. x2
The seven-headed hydra bites you but does no damage.
The seven-headed hydra bites you!
16460 ||| DRINKING potion of heal wounds.
You feel much better.
The seven-headed hydra bites you but does no damage.
The seven-headed hydra misses you.
The seven-headed hydra bites you but does no damage.
The seven-headed hydra bites you.
The seven-headed hydra barely misses you.
The seven-headed hydra bites you! The seven-headed hydra bites you.
You hit the seven-headed hydra but do no damage.
You headbutt the seven-headed hydra!
The seven-headed hydra is almost dead.
The seven-headed hydra bites you!
You die...

.....# ...
.....#. # ..#
#. ......# $ ..
. # .....# .##
##.#.# . .#
....... ..##
.#.. y#.(.
....P..
.##..##..##lk..
.......
.........#yl#
#......
......%%%Dl#
.#.....
......%.@#..#
....P..
.##..##%.##.y.D
.......
#..##..#..#
#..k ...
.##..##.#.## .#
..#. ## ##.#..#
# .... #
##.#...## ...#
..##.#.....##
..#
#..#.#.....##
.#
..##.........#


You could see a seven-headed hydra, 2 komodo dragons, a basilisk, a rime drake,
a meliai and a killer bee.

Vanquished Creatures
  Rupert (Lair:3)
  Gastronok (Lair:3)
  A minotaur (Gauntlet)
  A hydra (Lair:3)
  2 catoblepae
  Amaemon (Lair:2)
  12 elephants
  Maurice (D:8)
  An orange demon (Lair:2)
  Maggie (D:8)
  10 cane toads
  Psyche (D:8)
  2 rime drakes
  An ice devil (Gauntlet)
  10 komodo dragons
  A burning bush (Lair:1)
  A meliai (Lair:4)
  A polar bear (Lair:3)
  A hornet (D:8)
  A dream sheep (Lair:2)
  7 blink frogs
  A spriggan (D:7)
  5 shadows (Gauntlet)
  6 wyverns
  3 basilisks
  19 yaks
  3 steam dragons
  Duvessa (D:4)
  An acid dragon (D:4)
  14 water moccasins
  A swamp drake (Lair:2)
  A sky beast (D:8)
  An ice beast (D:5)
  2 ogres (D:5)
  A black bear (D:8)
  2 centaurs (D:8)
  14 wolves
  15 bullfrogs
  2 scorpions
  Dowan (D:4)
  32 killer bees
  2 electric eels
  3 howler monkeys
  A jelly (D:4)
  A hound (D:5)
  An orc priest (D:8)
  A gnoll bouda (D:7)
  7 iguanas
  An orc wizard (D:8)
  5 gnolls (D:7)
  10 adders
  6 river rats
  A shadow imp (D:6)
  2 white imps (Gauntlet)
  4 worms
  5 dart slugs
  6 orcs
  3 bats
  8 endoplasms
  4 giant cockroaches
  6 goblins
  6 hobgoblins
  11 jackals
  7 quokkas
  13 ball pythons
  5 frilled lizards
  6 kobolds
  21 rats
  A lurking horror (D:3)
330 creatures vanquished.

Vanquished Creatures (others)
  56 fungi
  A lurking horror (D:3)
  77 plants
134 creatures vanquished.

Grand Total: 464 creatures vanquished

Notes
Turn   | Place    | Note
-------+----------+-------------------------------------------
     0 | D:1      | qw the Minotaur Berserker began the quest for the Orb.
     0 | D:1      | Reached XP level 1. HP: 19/19 MP: 0/0
     0 | D:1      | 0 ||| qw: Version: 0.1-a-103-gd6f5d3a
     0 | D:1      | 0 ||| qw: Game counter: 5643
     0 | D:1      | 0 ||| qw: Always use a shield: true
     0 | D:1      | 0 ||| qw: Do Orc after D:15 true
     0 | D:1      | 0 ||| qw: Do second Lair branch before Depths: true
     0 | D:1      | 0 ||| qw: Lair rune preference: random
     0 | D:1      | 0 ||| qw: Plans: Normal
     0 | D:1      | 0 ||| PLANNING D:1-11
    33 | D:1      | Reached skill level 4 in Axes
    95 | D:1      | 95 ||| INVOKING Berserk.
    96 | D:1      | Reached XP level 2. HP: 20/26 MP: 1/1
   256 | D:1      | 256 ||| DROPPING +0 club.
   422 | D:1      | 422 ||| Stepping ~*~*~tactically~*~*~ (hiding).
   465 | D:1      | 465 ||| Stepping ~*~*~tactically~*~*~ (stealth).
   577 | D:1      | Found a faded altar of an unknown god.
   719 | D:1      | Reached skill level 5 in Axes
   952 | D:1      | Reached XP level 3. HP: 31/31 MP: 2/2
  1296 | D:1      | Reached ** piety under Trog
  1311 | D:1      | 1311 ||| UPGRADING to +0 cloak.
  1316 | D:1      | 1316 ||| UPGRADING to +0 pair of boots.
  1321 | D:1      | 1321 ||| UPGRADING to +2 pair of boots.
  1331 | D:1      | 1331 ||| DROPPING +0 pair of boots.
  1332 | D:1      | 1332 ||| UPGRADING to +4 ring of protection.
  1333 | D:1      | 1333 ||| READING scroll labelled DIADEU FEXARE.
  1369 | D:2      | 1369 ||| Stepping ~*~*~tactically~*~*~ (stealth).
  1389 | D:2      | 1389 ||| INVOKING Berserk.
  1629 | D:2      | Reached skill level 6 in Axes
  1629 | D:2      | Reached XP level 4. HP: 39/39 MP: 3/3
  1926 | D:2      | Found Ushrea's Antique Weapon Shop.
  1934 | D:2      | 1934 ||| SHOPLISTING glowing flail (188 gold, have 114).
  1934 | D:2      | 1934 ||| SHOPLISTING glowing mace (174 gold, have 114).
  1998 | D:2      | 1998 ||| Stepping ~*~*~tactically~*~*~ (hiding).
  2277 | D:2      | 2277 ||| UPGRADING to amulet of reflection.
  2282 | D:2      | 2282 ||| DROPPING amulet of regeneration.
  2283 | D:2      | 2283 ||| READING scroll labelled METUCL UWO LELL.
  2284 | D:2      | 2284 ||| READING 2 scrolls labelled ECY WAIXEKOV.
  2287 | D:2      | 2287 ||| READING scroll labelled OSEBUU KEONEFE.
  2423 | D:2      | 2423 ||| READING 2 scrolls labelled AKALLU QEEBEY.
  2424 | D:2      | 2424 ||| READING scroll labelled GYQIHYUCOU.
  2425 | D:2      | 2425 ||| DROPPING scroll of fear.
  2716 | D:3      | Found a one-way gate to the infinite horrors of the Abyss.
  2716 | D:3      | Found a corrupted altar of Lugonu.
  2741 | D:3      | Reached XP level 5. HP: 45/45 MP: 4/4
  2771 | D:3      | 2771 ||| Stepping ~*~*~tactically~*~*~ (hiding).
  2873 | D:3      | 2873 ||| Stepping ~*~*~tactically~*~*~ (hiding).
  2874 | D:3      | 2874 ||| Stepping ~*~*~tactically~*~*~ (hiding).
  3048 | D:3      | Reached skill level 7 in Axes
  3110 | D:3      | Identified the +0 hand axe of Conservatism {antimagic,
                  | *Rage Int+2 Dex+7}
  3112 | D:3      | 3112 ||| DROPPING +0 hand axe of Conservatism {antimagic,
                  | *Rage Int+2 Dex+7}.
  3584 | D:3      | 3584 ||| UPGRADING to +0 leather armour.
  3594 | D:3      | 3594 ||| DROPPING +0 animal skin.
  3595 | D:3      | 3595 ||| UPGRADING to +0 chain mail.
  3605 | D:3      | 3605 ||| DROPPING +0 leather armour.
  3606 | D:3      | 3606 ||| READING scroll labelled WAUSEX QIZA.
  3633 | D:4      | Noticed Duvessa
  3633 | D:4      | Noticed Dowan
  3634 | D:4      | 3634 ||| Stepping ~*~*~tactically~*~*~ (hiding).
  3636 | D:4      | 3636 ||| Stepping ~*~*~tactically~*~*~ (hiding).
  3637 | D:4      | 3637 ||| INVOKING Berserk.
  3650 | D:4      | Killed Duvessa
  3653 | D:4      | Killed Dowan
  3654 | D:4      | Reached XP level 6. HP: 45/56 MP: 5/5
  3658 | D:4      | 3658 ||| FLEEEEING.
  3660 | D:4      | 3660 ||| STAIRDANCE
  3893 | D:4      | 3893 ||| INVOKING Berserk.
  3896 | D:4      | Reached skill level 8 in Axes
  4016 | D:4      | 4016 ||| Stepping ~*~*~tactically~*~*~ (stealth).
  4016 | D:4      | Noticed an acid dragon
  4017 | D:4      | 4017 ||| FLEEEEING.
  4018 | D:4      | 4018 ||| FLEEEEING.
  4020 | D:4      | 4020 ||| FLEEEEING.
  4021 | D:4      | 4021 ||| FLEEEEING.
  4022 | D:4      | 4022 ||| FLEEEEING.
  4023 | D:4      | 4023 ||| FLEEEEING.
  4024 | D:4      | 4024 ||| FLEEEEING.
  4025 | D:4      | 4025 ||| FLEEEEING.
  4026 | D:4      | 4026 ||| FLEEEEING.
  4027 | D:4      | 4027 ||| FLEEEEING.
  4028 | D:4      | 4028 ||| FLEEEEING.
  4029 | D:4      | 4029 ||| FLEEEEING.
  4030 | D:4      | 4030 ||| FLEEEEING.
  4031 | D:4      | 4031 ||| FLEEEEING.
  4032 | D:4      | 4032 ||| FLEEEEING.
  4033 | D:4      | 4033 ||| FLEEEEING.
  4098 | D:4      | 4098 ||| FLEEEEING.
  4099 | D:4      | 4099 ||| STAIRDANCE
  4134 | D:3      | 4134 ||| READING scroll labelled QOSEOBOBLU.
  4135 | D:3      | 4135 ||| READING scroll labelled AJEOHU DOSHROE.
  4136 | D:3      | 4136 ||| DRINKING 3 glowing sapphire potions.
  4136 | D:3      | Gained mutation: You have supernaturally acute eyesight.
                  | (SInv) [potion of mutation]
  4155 | D:4      | 4155 ||| Stepping ~*~*~tactically~*~*~ (stealth).
  4326 | D:4      | 4326 ||| INVOKING Berserk.
  4328 | D:4      | Killed an acid dragon
  4329 | D:4      | Reached XP level 7. HP: 34/61 MP: 6/6
  4599 | D:4      | Found a staircase to the Ecumenical Temple.
  4612 | D:4      | Found a stormy altar of Qazlal.
  4644 | D:4      | Found a sacrificial altar of Ru.
  4647 | D:4      | 4647 ||| READING scroll labelled TISOUXZIFOI.
  4648 | D:4      | 4648 ||| READING scroll of teleportation.
  4664 | D:5      | Entered Level 5 of the Dungeon
  4783 | D:5      | 4783 ||| DROPPING +1 vorpal mace.
  4976 | D:5      | Identified the ring of Jatounuff {Fly rPois Will+++ rCorr
                  | Dex-2}
  5013 | D:5      | Found an iron altar of Okawaru.
  5038 | D:5      | 5038 ||| Stepping ~*~*~tactically~*~*~ (stealth).
  5052 | D:5      | 5052 ||| INVOKING Berserk.
  5055 | D:5      | Reached skill level 9 in Axes
  5385 | D:5      | 5385 ||| Stepping ~*~*~tactically~*~*~ (stealth).
  5409 | D:5      | 5409 ||| INVOKING Berserk.
  5417 | D:5      | Reached *** piety under Trog
  5421 | D:5      | Reached skill level 10 in Axes
  5426 | D:5      | Reached skill level 1 in Throwing
  5492 | D:5      | 5492 ||| Stepping ~*~*~tactically~*~*~ (stealth).
  5690 | D:5      | 5690 ||| DROPPING orb of light.
  5691 | D:5      | 5691 ||| UPGRADING to ring of Jatounuff {Fly rPois Will+++
                  | rCorr Dex-2}.
  5692 | D:5      | 5692 ||| DRINKING 3 coppery potions.
  5693 | D:5      | 5693 ||| READING 2 scrolls of identify.
  5693 | D:5      | 5693 ||| IDENTIFYING fizzy brown potion
  5694 | D:5      | 5694 ||| DROPPING potion of ambrosia.
  5740 | D:6      | 5740 ||| PLANNING SEWER
  5876 | D:6      | Reached skill level 6 in Fighting
  5876 | D:6      | Reached XP level 8. HP: 67/70 MP: 7/7
  5966 | D:6      | Found a bloodstained altar of Trog.
  6012 | D:6      | 6012 ||| Stepping ~*~*~tactically~*~*~ (cloud).
  6013 | D:6      | 6013 ||| FLEEEEING.
  6014 | D:6      | 6014 ||| FLEEEEING.
  6022 | D:6      | 6022 ||| FLEEEEING.
  6023 | D:6      | 6023 ||| FLEEEEING.
  6024 | D:6      | 6024 ||| Stepping ~*~*~tactically~*~*~ (cloud).
  6025 | D:6      | 6025 ||| FLEEEEING.
  6026 | D:6      | 6026 ||| FLEEEEING.
  6028 | D:6      | 6028 ||| FLEEEEING.
  6033 | D:6      | 6033 ||| FLEEEEING.
  6034 | D:6      | 6034 ||| FLEEEEING.
  6035 | D:6      | 6035 ||| FLEEEEING.
  6036 | D:6      | 6036 ||| FLEEEEING.
  6041 | D:6      | 6041 ||| FLEEEEING.
  6042 | D:6      | 6042 ||| FLEEEEING.
  6064 | D:6      | 6064 ||| Stepping ~*~*~tactically~*~*~ (hiding).
  6065 | D:6      | 6065 ||| Stepping ~*~*~tactically~*~*~ (hiding).
  6069 | D:6      | 6069 ||| INVOKING Berserk.
  6398 | D:6      | Found a glowing golden altar of the Shining One.
  6402 | D:6      | 6402 ||| RIP SEWER
  6414 | D:6      | 6414 ||| PLANNING D:1-11
  6604 | D:6      | 6604 ||| READING 2 scrolls of identify.
  6604 | D:6      | 6604 ||| IDENTIFYING brown potion
  6605 | D:6      | 6605 ||| DROPPING potion of berserk rage.
  6636 | D:7      | Reached skill level 11 in Axes
  6664 | D:7      | 6664 ||| Stepping ~*~*~tactically~*~*~ (hiding).
  6669 | D:7      | 6669 ||| INVOKING Berserk.
  6691 | D:7      | Reached skill level 12 in Axes
  7035 | D:7      | Reached **** piety under Trog
  7289 | D:7      | Reached XP level 9. HP: 79/79 MP: 8/8
  7292 | D:7      | 7292 ||| Stepping ~*~*~tactically~*~*~ (stealth).
  7410 | D:7      | Found a hide-covered altar of Uskayaw.
  7933 | D:7      | 7933 ||| UPGRADING to +2 hat.
  7938 | D:7      | 7938 ||| DROPPING +1 hat.
  7939 | D:7      | 7939 ||| READING scroll labelled NEINEK YCLIG.
  8001 | D:8      | 8001 ||| Stepping ~*~*~tactically~*~*~ (hiding).
  8023 | D:8      | Reached skill level 13 in Axes
  8025 | D:8      | 8025 ||| Stepping ~*~*~tactically~*~*~ (stealth).
  8036 | D:8      | 8036 ||| Stepping ~*~*~tactically~*~*~ (hiding).
  8038 | D:8      | 8038 ||| SWAPPING to +0 war axe.
  8040 | D:8      | 8040 ||| INVOKING Berserk.
  8055 | D:8      | 8055 ||| Stepping ~*~*~tactically~*~*~ (stealth).
  8074 | D:8      | 8074 ||| Stepping ~*~*~tactically~*~*~ (stealth).
  8175 | D:8      | 8175 ||| DROPPING +0 hand axe.
  8193 | D:8      | Noticed Maurice
  8205 | D:8      | Killed Maurice
  8205 | D:8      | Noticed Maggie
  8226 | D:8      | 8226 ||| INVOKING Berserk.
  8230 | D:8      | Killed Maggie
  8482 | D:8      | 8482 ||| Stepping ~*~*~tactically~*~*~ (stealth).
  8483 | D:8      | 8483 ||| Stepping ~*~*~tactically~*~*~ (stealth).
  8492 | D:8      | Reached skill level 14 in Axes
  8492 | D:8      | Noticed Psyche
  8497 | D:8      | 8497 ||| INVOKING Berserk.
  8500 | D:8      | Killed Psyche
  8501 | D:8      | Reached skill level 6 in Armour
  8588 | D:8      | 8588 ||| Stepping ~*~*~tactically~*~*~ (stealth).
  8589 | D:8      | 8589 ||| Stepping ~*~*~tactically~*~*~ (stealth).
  8595 | D:8      | Paralysed by a hornet for 2 turns
  8601 | D:8      | Reached XP level 10. HP: 43/90 MP: 9/9
  8613 | D:8      | 8613 ||| INVOKING Berserk.
  8652 | D:8      | 8652 ||| INVOKING Berserk.
  8861 | D:8      | 8861 ||| Stepping ~*~*~tactically~*~*~ (stealth).
  8900 | D:8      | Found a staircase to the Lair.
  8976 | D:8      | 8976 ||| INVOKING Berserk.
  8980 | D:8      | Reached skill level 15 in Axes
  8983 | D:8      | Reached skill level 9 in Fighting
  9419 | D:8      | 9419 ||| PLANNING LAIR
  9419 | D:8      | 9419 ||| UPGRADING to +1 cloak.
  9429 | D:8      | 9429 ||| DROPPING +0 cloak.
  9430 | D:8      | 9430 ||| READING scroll labelled YRROEXZ MOON.
  9431 | D:8      | 9431 ||| DRINKING 2 amethyst potions.
  9432 | D:8      | 9432 ||| READING 2 scrolls of identify.
  9432 | D:8      | 9432 ||| IDENTIFYING silvery potion
  9433 | D:8      | 9433 ||| DROPPING potion of magic.
  9434 | D:8      | 9434 ||| DROPPING potion of flight.
  9478 | Lair:1   | Entered Level 1 of the Lair of Beasts
  9478 | Lair:1   | Noticed a cane toad
  9481 | Lair:1   | 9481 ||| INVOKING Berserk.
  9483 | Lair:1   | Killed a cane toad
  9513 | Lair:1   | Reached skill level 16 in Axes
  9553 | Lair:1   | Noticed a catoblepas
  9557 | Lair:1   | 9557 ||| INVOKING Berserk.
  9562 | Lair:1   | Killed a catoblepas
  9746 | Lair:1   | 9746 ||| Stepping ~*~*~tactically~*~*~ (stealth).
  9748 | Lair:1   | 9748 ||| INVOKING Berserk.
  9925 | Lair:1   | Found a runed translucent gate.
  9925 | Lair:1   | Found a runed translucent gate.
  9928 | Lair:1   | Noticed a spectral four-headed hydra
  9929 | Lair:1   | Found a runed translucent gate.
  9932 | Lair:1   | Noticed qw's ghost (journeyman TrCA)
  9932 | Lair:1   | Noticed a spectral five-headed hydra
  9949 | Lair:1   | 9949 ||| INVOKING Berserk.
 10139 | Lair:1   | 10139 ||| Stepping ~*~*~tactically~*~*~ (stealth).
 10142 | Lair:1   | 10142 ||| Stepping ~*~*~tactically~*~*~ (stealth).
 10143 | Lair:1   | 10143 ||| Stepping ~*~*~tactically~*~*~ (stealth).
 10147 | Lair:1   | Reached XP level 11. HP: 99/99 MP: 10/10
 10161 | Lair:1   | Reached skill level 3 in Dodging
 10200 | Lair:1   | 10200 ||| INVOKING Berserk.
 10334 | Lair:1   | 10334 ||| Stepping ~*~*~tactically~*~*~ (stealth).
 10345 | Lair:1   | 10345 ||| INVOKING Berserk.
 10550 | Lair:1   | 10550 ||| INVOKING Berserk.
 10694 | Lair:1   | 10694 ||| Stepping ~*~*~tactically~*~*~ (stealth).
 10714 | Lair:1   | 10714 ||| Stepping ~*~*~tactically~*~*~ (stealth).
 10721 | Lair:1   | Reached skill level 9 in Armour
 10902 | Lair:1   | 10902 ||| INVOKING Berserk.
 11075 | Lair:1   | Reached skill level 12 in Fighting
 11449 | Lair:1   | 11449 ||| DROPPING ring of flight.
 11478 | Lair:2   | 11478 ||| PLANNING GAUNTLET
 11504 | Lair:2   | 11504 ||| INVOKING Berserk.
 11635 | Lair:2   | 11635 ||| INVOKING Berserk.
 11856 | Lair:2   | Found a staircase to the Snake Pit.
 11901 | Lair:2   | Found a gate leading to a gauntlet.
 11910 | Gauntlet | Entered a Gauntlet
 11910 | Gauntlet | Found a transporter.
 11910 | Gauntlet | Found a transporter.
 11925 | Gauntlet | Found a transporter.
 11930 | Gauntlet | Found a transporter.
 11933 | Gauntlet | Found the +2 cloak of the Thief {*Fog Slay-2 SInv Stlth+}
 11938 | Gauntlet | Found a transporter.
 11943 | Gauntlet | Found a transporter.
 11952 | Gauntlet | Found a transporter.
 11971 | Gauntlet | Found a transporter.
 11989 | Gauntlet | Found a transporter.
 11993 | Gauntlet | Found a transporter.
 12001 | Gauntlet | Found a transporter.
 12005 | Gauntlet | Found a transporter.
 12009 | Gauntlet | Noticed a necromancer
 12051 | Gauntlet | Identified the +1 cloak of Beogh's Scorn {rElec Str+3 SInv}
 12069 | Gauntlet | 12069 ||| UPGRADING to +1 cloak of Beogh's Scorn {rElec
                  | Str+3 SInv}.
 12079 | Gauntlet | 12079 ||| DROPPING +1 cloak.
 12103 | Gauntlet | 12103 ||| Stepping ~*~*~tactically~*~*~ (hiding).
 12247 | Gauntlet | 12247 ||| DROPPING +1 cloak of stealth.
 12299 | Gauntlet | Identified the ring of Bour {rElec rPois MP+9 Dex-5 Stlth+}
 12299 | Gauntlet | Noticed a minotaur
 12300 | Gauntlet | 12300 ||| Stepping ~*~*~tactically~*~*~ (hiding).
 12305 | Gauntlet | 12305 ||| INVOKING Berserk.
 12314 | Gauntlet | Killed a minotaur
 12315 | Gauntlet | Reached skill level 3 in Throwing
 12445 | Gauntlet | 12445 ||| UPGRADING to +0 plate armour.
 12455 | Gauntlet | 12455 ||| DROPPING +0 chain mail.
 12456 | Gauntlet | 12456 ||| READING scroll of enchant armour.
 12456 | Gauntlet | 12456 ||| ENCHANTING +0 plate armour.
 12457 | Gauntlet | 12457 ||| READING 2 scrolls of identify.
 12457 | Gauntlet | 12457 ||| IDENTIFYING sedimented grey potion
 12491 | Lair:2   | 12491 ||| PLANNING LAIR
 12631 | Lair:2   | 12631 ||| INVOKING Berserk.
 12637 | Lair:2   | Reached XP level 12. HP: 115/115 MP: 11/11
 12642 | Lair:2   | Found a staircase to the Swamp.
 12653 | Lair:2   | Noticed Amaemon
 12666 | Lair:2   | HP: 24/115 [poisoned by an orange demon]
 12667 | Lair:2   | 12667 ||| READING 3 scrolls of teleportation.
 12668 | Lair:2   | 12668 ||| DRINKING 2 potions of heal wounds.
 12670 | Lair:2   | 12670 ||| DRINKING potion of heal wounds.
 13054 | Lair:2   | 13054 ||| DROPPING +2 mace of draining.
 13165 | Lair:2   | Noticed a catoblepas
 13168 | Lair:2   | 13168 ||| INVOKING Berserk.
 13176 | Lair:2   | Killed a catoblepas
 13574 | Lair:2   | 13574 ||| Stepping ~*~*~tactically~*~*~ (hiding).
 13586 | Lair:2   | 13586 ||| INVOKING Berserk.
 13594 | Lair:2   | Killed Amaemon
 13713 | Lair:2   | 13713 ||| DROPPING +0 flail.
 13745 | Lair:2   | 13745 ||| DRINKING 2 puce potions.
 13746 | Lair:2   | 13746 ||| READING 2 scrolls of identify.
 13746 | Lair:2   | 13746 ||| IDENTIFYING fuming red potion
 13747 | Lair:2   | 13747 ||| DROPPING potion of invisibility.
 13758 | Lair:3   | 13758 ||| STAIRDANCE
 13857 | Lair:3   | Noticed a six-headed hydra
 13858 | Lair:3   | 13858 ||| Stepping ~*~*~tactically~*~*~ (stealth).
 13859 | Lair:3   | 13859 ||| INVOKING Brothers in Arms.
 13861 | Lair:3   | 13861 ||| INVOKING Brothers in Arms.
 13862 | Lair:3   | 13862 ||| INVOKING Brothers in Arms.
 13863 | Lair:3   | 13863 ||| INVOKING Berserk.
 13875 | Lair:3   | Killed a ten-headed hydra
 13876 | Lair:3   | Reached skill level 6 in Throwing
 13893 | Lair:3   | Reached skill level 12 in Armour
 14477 | Lair:3   | Noticed Rupert
 14478 | Lair:3   | 14478 ||| INVOKING Trog's Hand.
 14482 | Lair:3   | 14482 ||| INVOKING Berserk.
 14494 | Lair:3   | Killed Rupert
 14696 | Lair:3   | 14696 ||| INVOKING Berserk.
 14786 | Lair:3   | Noticed Gastronok
 14791 | Lair:3   | 14791 ||| INVOKING Berserk.
 14800 | Lair:3   | Killed Gastronok
 14950 | Lair:3   | 14950 ||| Stepping ~*~*~tactically~*~*~ (cloud).
 14953 | Lair:3   | 14953 ||| INVOKING Berserk.
 15384 | Lair:3   | Reached XP level 13. HP: 123/124 MP: 12/12
 15410 | Lair:3   | 15410 ||| INVOKING Berserk.
 15702 | Lair:3   | 15702 ||| DROPPING ring of resist corrosion.
 15703 | Lair:3   | 15703 ||| READING 3 scrolls of identify.
 15703 | Lair:3   | 15703 ||| IDENTIFYING blue potion
 15704 | Lair:3   | 15704 ||| READING 2 scrolls of identify.
 15704 | Lair:3   | 15704 ||| IDENTIFYING smoky grey potion
 15705 | Lair:3   | 15705 ||| DROPPING potion of attraction.
 15776 | Lair:4   | 15776 ||| INVOKING Berserk.
 15792 | Lair:4   | 15792 ||| Stepping ~*~*~tactically~*~*~ (stealth).
 15925 | Lair:4   | 15925 ||| Stepping ~*~*~tactically~*~*~ (hiding).
 16017 | Lair:4   | Found a staircase to the Slime Pits.
 16081 | Lair:4   | 16081 ||| FLEEEEING.
 16202 | Lair:4   | 16202 ||| INVOKING Berserk.
 16399 | Lair:4   | 16399 ||| Stepping ~*~*~tactically~*~*~ (stealth).
 16400 | Lair:4   | 16400 ||| Stepping ~*~*~tactically~*~*~ (stealth).
 16404 | Lair:4   | 16404 ||| INVOKING Berserk.
 16411 | Lair:4   | Reached skill level 15 in Fighting
 16448 | Lair:4   | 16448 ||| Stepping ~*~*~tactically~*~*~ (hiding).
 16452 | Lair:4   | 16452 ||| INVOKING Brothers in Arms.
 16453 | Lair:4   | 16453 ||| INVOKING Brothers in Arms.
 16454 | Lair:4   | 16454 ||| INVOKING Brothers in Arms.
 16455 | Lair:4   | 16455 ||| SWAPPING to -2 demon whip of venom.
 16458 | Lair:4   | 16458 ||| INVOKING Brothers in Arms.
 16458 | Lair:4   | HP: 26/126 [seven-headed hydra (10)]
 16459 | Lair:4   | 16459 ||| READING 2 scrolls of teleportation.
 16459 | Lair:4   | HP: 2/126 [seven-headed hydra (12)]
 16460 | Lair:4   | 16460 ||| DRINKING potion of heal wounds.
 16461 | Lair:4   | Slain by a seven-headed hydra

Levels and vault maps discovered:
D:1:      dpeg_arrival_ternary, layout_loops_corners,
          chequers_ecumenical_altar_island
D:2:      layout_rooms, serial_shops, nicolae_shop_crystal,
          amcnicky_mini_corridor_feature, minmay_misc_feat_enclosed,
          minmay_snake_closets
D:3:      layout_loops_ring, grunt_ministairs_11,
          amcnicky_altar_lugonu_corruption
D:4:      layout_gridville, nicolae_ru_the_path_less_chosen,
          general_overflow_altar, minmay_temple_entry_butterflies,
          serial_park_tiny_pond, minmay_manual_maat, uniq_duvessa
D:5:      lemuel_ratsnest, layout_loops_cross, okawaru_gym_becter,
          grunt_ministairs_13
D:6:      layout_gridville, lemuel_doored_altar, mainiacjoe_overflow_alcove_1,
          portal_sewer_entry_e
D:7:      layout_basic, mainiacjoe_overflow_concentric_impassable, the_hattery
D:8:      layout_basic, due_lair_maze_entry_diamond, minmay_misc_feat_rows,
          minmay_misc_feat_plants, minmay_manual_mares, uniq_maggie,
          uniq_psyche, uniq_maurice
Lair:1:   layout_layer_cave, gammafunk_ghost_necromancy, evilmike_ambush
          [evilmike_ambush_outer_basic, evilmike_ambush_inner_basic],
          serial_bayou_shore_b, infiniplex_staircase_pool
Lair:2:   layout_cellular_growth, minmay_swamp_entry_reptiles,
          dummy_snake_entry, gauntlet_entry_generic, wad_woods_river_01,
          uniq_amaemon
Lair:3:   layout_cave_pods, grunt_megastairs_4, uniq_gastronok, uniq_rupert
Lair:4:   regret_index_bee_streams, layout_hall_layers, slime_entry_1,
          serial_forest, infiniplex_forest_clump_medium,
          infiniplex_forest_lined_corner, infiniplex_forest_clump_cross,
          infiniplex_forest_clump_large, infiniplex_forest_straight_3,
          infiniplex_forest_end_2, infiniplex_forest_end_1,
          infiniplex_forest_straight_4, serial_bayou_shore_a

Skill      XL: |  1  2  3  4  5  6  7  8  9 10 11 12 13 |
---------------+----------------------------------------+-----
Axes           | 4 5 6 7 8 10 12 14 16 | 16.1
Fighting       | 5 6 7 8 10 13 14 15 | 15.1
Armour         | 4 5 6 8 10 13 | 13.2
Throwing       | 1 4 6 7 |  7.0
Dodging        | 4 5 |  5.2

Action                   |  1- 3 |  4- 6 |  7- 9 | 10-12 | 13-15 || total
-------------------------+-------+-------+-------+-------+-------++-------
Melee: Hand axe          |    83 |    97 |   222 |       |       ||   402
       Headbutt          |     8 |    14 |    45 |   101 |    11 ||   179
       Punch             |     2 |       |     3 |     7 |     2 ||    14
       War axe           |       |       |    65 |   469 |   101 ||   635
       Demon whip        |       |       |       |       |     3 ||     3
Throw: Boomerang         |       |       |    52 |    63 |     2 ||   117
       Javelin           |       |       |       |    20 |    12 ||    32
Invok: Berserk           |     2 |     3 |     7 |    22 |     4 ||    38
       Brothers in Arms  |       |       |       |     1 |     1 ||     2
       Trog's Hand       |       |       |       |     1 |       ||     1
  Use: Scroll            |     1 |     8 |     5 |     6 |     3 ||    23
       Potion            |       |     1 |     1 |     4 |     1 ||     7
 Stab: Sleeping          |     1 |       |       |       |       ||     1
       Distracted        |       |       |     1 |       |       ||     1
Armor: Animal skin       |    21 |    14 |       |       |       ||    35
       Chain mail        |       |    10 |   146 |   127 |       ||   283
       Plate armour      |       |       |       |   126 |    93 ||   219
Dodge: Dodged            |    51 |    36 |    80 |   145 |    52 ||   364
Block: Other             |       |     9 |    44 |    80 |    24 ||   157
       Reflection        |       |       |     1 |     1 |       ||     2

Table legend:
 A = Non-vault XP
 B = Vault XP
 C = Vault XP percentage of total XP
 D = Non-vault monster count
 E = Vault monster count
 F = Vault count percentage of total count
                 A         B        C        D         E       F
            +---------+---------+-------+---------+---------+-------
      Total |   23381 |   21226 |  47.6 |     194 |     135 |  41.0
            +---------+---------+-------+---------+---------+-------
        D:1 |      58 |       0 |   0.0 |      32 |       0 |   0.0
        D:2 |      77 |      48 |  38.4 |      14 |      10 |  41.7
        D:3 |      24 |       2 |   7.7 |      11 |       2 |  15.4
        D:4 |     158 |     372 |  70.2 |       8 |       5 |  38.5
        D:5 |     297 |     342 |  53.5 |       7 |      29 |  80.6
        D:6 |     367 |      22 |   5.7 |       8 |       8 |  50.0
        D:7 |    1135 |     229 |  16.8 |      19 |       1 |   5.0
        D:8 |    1509 |    2609 |  63.4 |      17 |      14 |  45.2
     Lair:1 |    8105 |    1264 |  13.5 |      34 |       4 |  10.5
     Lair:2 |    3522 |    2964 |  45.7 |      15 |      11 |  42.3
     Lair:3 |    5594 |    7033 |  55.7 |      19 |      10 |  34.5
     Lair:4 |    2535 |    3554 |  58.4 |      10 |      29 |  74.4
   Gauntlet |       0 |    2787 | 100.0 |       0 |      12 | 100.0
            +---------+---------+-------+---------+---------+-------
